 Dungeon Crawl Stone Soup version 0.30-a0-297-g0ec75d9ef4 (webtiles) character file.

Game seed: 5989830450580068835

298 KennySheep the Chucker (level 6, 0/66 HPs)
             Began as an Ogre Gladiator on Oct 18, 2022.
             Slain by an iguana (9 damage)
             ... on level 4 of the Dungeon.
             The game lasted 00:09:08 (2984 turns).

KennySheep the Chucker (Ogre Gladiator)             Turns: 2984, Time: 00:09:09

Health: 0/66       AC:  5    Str: 21    XL:     6   Next: 35%
Magic:  6/6        EV: 10    Int:  9    God:
Gold:   103        SH:  0    Dex: 10    Spells: 5/5 levels left

rFire   . . .      SeeInvis .    d - +1 dire flail (drain)
rCold   . . .      Faith    .    (shield currently unavailable)
rNeg    . . .      Spirit   .    w - +2 robe
rPois   .          Reflect  .    c - +0 hat
rElec   .          Harm     .    (no cloak)
rCorr   .          Rampage  .    (gloves unavailable)
Will    .....                    (boots unavailable)
Stlth   +.........               (no amulet)
HPRegen 0.31/turn                (no ring)
MPRegen 0.10/turn                (no ring)

@: no status effects
A: large, unfitting armour, tough skin 1
a: no special abilities


You were on level 4 of the Dungeon.
You visited 1 branch of the dungeon, and saw 4 of its levels.

You collected 103 gold pieces.

Inventory:

Hand Weapons
 a - a +1 flail
 d - a +1 dire flail of draining (weapon)
Missiles
 e - a large rock
 k - 5 javelins (quivered)
 u - 26 stones
Armour
 b - a +0 robe
 c - a +0 hat (worn)
 w - a +2 robe (worn)
Jewellery
 B - a ring of protection from cold
Wands
 y - a wand of light (6)
Scrolls
 f - 3 scrolls of teleportation
 g - a scroll of noise {unknown}
 i - a scroll of enchant armour {unknown}
 j - 3 scrolls of amnesia
 l - a scroll of blinking {unknown}
 n - a scroll of silence {unknown}
 o - a scroll of immolation {unknown}
 p - a scroll of torment {unknown}
 t - 10 scrolls of identify {unknown}
 z - a scroll of fear {unknown}
 C - a scroll of brand weapon {unknown}
Potions
 h - 2 potions of resistance
 m - a potion of curing {unknown}
 r - a potion of haste {unknown}
 s - 2 potions of degeneration
 v - a potion of flight {unknown}
 x - a potion of might {unknown}
 A - a potion of berserk rage {unknown}


   Skills:
 + Level 5.3 Fighting
 - Level 2.7 Maces & Flails
 * Level 5.4 Throwing
 - Level 2.6 Dodging


You had 5 spell levels left.
You didn't know any spells.
Your spell library contained the following spells:

 Spells                   Type           Power      Damage    Failure   Level
 Hailstorm                Conj/Ice       0%         3d3       77%         3
 Ice Form                 Ice/Tmut       0%         N/A       99%         4
 Simulacrum               Ice/Necr       0%         N/A       100%        6


Dungeon Overview and Level Annotations

Branches:
Dungeon (4/15)
 Temple: D:4-7

Altars:
Fedhas
Gozag
Nemelex Xobeh
Okawaru
Trog

Annotations:
D:4 Pikel


Innate Abilities, Weirdness & Mutations

You are too large for most types of armour.
You have tough skin. (AC +1)


Message History

Pikel barely misses you.
You closely miss Pikel.
Pikel is moderately wounded.
The lemure is no longer blind.
Pikel barely misses you.
Pikel hits you with a +0 whip of flaming.
Pikel burns you.
* * * LOW HITPOINT WARNING * * *
You hit Pikel. You drain Pikel.
Pikel is severely wounded.
Your surroundings suddenly seem different.
A goblin comes into view. It is wielding a +0 dagger.
Found 5 stones and a grey potion.
Found an escape hatch in the floor.
Found a stone staircase leading down.
The helpless goblin fails to defend itself.
You hit the goblin.
The goblin is heavily wounded.
A quokka comes into view.
The goblin closely misses you.
You puncture the goblin!
You kill the goblin!
An iguana comes into view.
The iguana hisses angrily.
Things that are here:
a +0 dagger; a goblin corpse You closely miss the quokka.
The quokka bites you.
* * * LOW HITPOINT WARNING * * *
You barely miss the quokka.
The quokka bites you but does no damage.
The quokka barely misses you.
You sock the quokka!
You kill the quokka!
The iguana bites you!
* * * LOW HITPOINT WARNING * * *
You hit the iguana.
The iguana is moderately wounded.
The iguana barely misses you.
You closely miss the iguana.
The iguana is moderately wounded.
The iguana bites you!
You die...

############
#..........#
#.....>....#
#.....)....#
#....@.....#
....>.l......#
.........(...#
...!...........
..#.............
#.....[.########
####..).#
#....##########
.......#....#


You could see an iguana.

Vanquished Creatures
  Edmund (D:4)
  A hound (D:4)
  Jessica (D:3)
  4 adders
  2 ufetubi (D:4)
  2 adder skeletons (D:2)
  2 worms (D:3)
  A dart slug (D:3)
  2 orcs (D:3)
  5 endoplasms
  2 giant cockroaches (D:3)
  7 hobgoblins
  A jackal (D:4)
  4 quokkas
  8 ball pythons
  A ball python skeleton (D:2)
  4 bats
  3 frilled lizards (D:1)
  10 goblins
  5 kobolds
  5 rats
71 creatures vanquished.

Vanquished Creatures (others)
  2 withered plants (D:2)
2 creatures vanquished.

Grand Total: 73 creatures vanquished

Notes
Turn   | Place    | Note
-------+----------+-------------------------------------------
     0 | D:1      | KennySheep the Ogre Gladiator began the quest for the Orb.
     0 | D:1      | Reached XP level 1. HP: 22/22 MP: 1/1
   165 | D:1      | Reached XP level 2. HP: 30/31 MP: 2/2
   954 | D:2      | Reached XP level 3. HP: 31/37 MP: 3/3
  1064 | D:2      | Found a sparkling altar of Nemelex Xobeh.
  1662 | D:3      | Noticed Jessica
  1670 | D:3      | Killed Jessica
  1671 | D:3      | Reached XP level 4. HP: 40/48 MP: 4/4
  2139 | D:3      | Found an opulent altar of Gozag.
  2146 | D:3      | Reached XP level 5. HP: 54/54 MP: 5/5
  2227 | D:3      | Found a bloodstained altar of Trog.
  2732 | D:4      | Found a blossoming altar of Fedhas.
  2827 | D:4      | Noticed Edmund
  2840 | D:4      | Killed Edmund
  2841 | D:4      | Reached skill level 5 in Fighting
  2841 | D:4      | Reached skill level 5 in Throwing
  2841 | D:4      | Reached XP level 6. HP: 45/66 MP: 6/6
  2913 | D:4      | Found an iron altar of Okawaru.
  2921 | D:4      | Found a sparkling altar of Nemelex Xobeh.
  2929 | D:4      | Noticed Pikel
  2984 | D:4      | Slain by an iguana

Illustrated notes

Levels and vault maps discovered:
D:1:      dpeg_arrival_rhombus, layout_loops_ring
D:2:      layout_loops_ring, serial_undead, serial_undead_c, serial_undead_f,
          serial_undead_a, serial_undead_a, basic_altar
D:3:      layout_basic, nicolae_gozag_seed_capital,
          mainiacjoe_overflow_brackets, minmay_misc_feat_roman,
          hangedman_decor_clover_reticule, ebering_dispersal_statue_hall,
          nicolae_figureground_sparkle, uniq_jessica
D:4:      layout_rooms, fedhas_ov_isle_minmay,
          mainiacjoe_overflow_catwalk_spiral, uniq_edmund, uniq_menkaure,
          uniq_pikel

Skill      XL: |  1  2  3  4  5 |
---------------+----------------+-----
Fighting       | 3 4 5 |  5.3
Throwing       | 3 4 5 |  5.4
Maces & Flails | |  2.7
Dodging        | |  2.6

Action                   |  1- 3 |  4- 6 || total
-------------------------+-------+-------++-------
Melee: Flail             |   134 |    83 ||   217
       Punch             |     1 |       ||     1
       Dire flail        |       |    21 ||    21
Throw: Throwing net      |     3 |     4 ||     7
       Large rock        |     1 |     1 ||     2
       Javelin           |       |     4 ||     4
Evoke: Wand              |       |     1 ||     1
  Use: Scroll            |     3 |     2 ||     5
       Potion            |     2 |       ||     2
 Stab: Held in net/web   |       |     1 ||     1
       Sleeping          |       |     1 ||     1
Armor: Robe              |    51 |    41 ||    92
Dodge: Dodged            |    71 |    75 ||   146

Table legend: (Time is in decaauts)
 A = Elapsed time spent in this place.
 B = Non-inter-level travel time spent in this place.
 C = Inter-level travel time spent in this place.
 D = Time resting spent in this place.
 E = Time spent auto-exploring this place.
 F = Levels seen in this place.
 G = Mean time per level.
                   A        B        C        D        E       F      G
               +--------+--------+--------+--------+--------+-----+--------+
         Total |   3044 |   2980 |     64 |      0 |   2286 |   4 |  761.0 |
       Dungeon |   3044 |   2980 |     64 |      0 |   2286 |   4 |  761.0 |
               +--------+--------+--------+--------+--------+-----+--------+

Top non-repeatable levels by time:
     D:1: 945 daAuts
     D:3: 922 daAuts
     D:2: 751 daAuts
     D:4: 425 daAuts
